AoeStats
← toomuchdog

MegaRandom

506504392Analyzed
1v1 RM · 19d ago on Sep 13, 2026· 35m 48s· 2 players
Game mode
Random Map
Map size
Tiny (2 player)
Population
200
Speed
Normal
Resources
Standard
Victory
Conquest
Starting age
Dark Age
Ending age
Imperial Age
RankedLock teamsTeams togetherTeam positionsShared explorationLock speedFull tech treeHidden civsTurbo modeCheats
Victory
Defeat
🇨🇱 Britons · Chile
1335
+17
🇨🇦 Mongols · Canada
1352
-17
DS_EMILIO
6:49 Loom
9:10 Feudal Age
12:37 Fletching
14:27 Double-Bit Axe
24:17 Castle Age
22:30 Gold Mining
22:22 Horse Collar
22:59 Padded Archer Armor
25:07 Bodkin Arrow
24:32 Crossbowman
26:09 Bow Saw
27:41 Wheelbarrow
28:36 Ballistics
toomuchdog
6:38 Loom
8:49 Feudal Age
9:36 Double-Bit Axe
11:28 Horse Collar
15:48 Fletching
21:35 Castle Age
20:31 Scale Barding Armor
20:40 Bloodlines
22:04 Forging
22:47 Bow Saw
25:37 Town Watch
26:16 Husbandry
29:13 Heavy Plow
31:31 Gold Mining
31:31 Stone Mining
31:43 Bodkin Arrow
32:43 Wheelbarrow
32:36 Padded Archer Armor
Connection lost

Rejoining the realm…

Still unreachable

The connection could not be restored.

Session expired

The server has moved on; the page needs a fresh start.